 Dungeon Crawl Stone Soup version 0.22-a0-292-g0df9d5f (webtiles) character file.

6 Amnesiac the Vexing (level 1, -1/12 HPs)
             Began as a Deep Elf Enchanter on Mar 23, 2018.
             Slain by a hobgoblin (4 damage)
             ... on level 1 of the Dungeon.
             The game lasted 00:00:43 (415 turns).

Amnesiac the Vexing (Deep Elf Enchanter)             Turns: 415, Time: 00:00:44

Health: -1/12      AC:  2    Str:  5    XL:     1   Next: 75%
Magic:  3/6        EV: 13    Int: 19    God:
Gold:   0          SH:  0    Dex: 15    Spells: 5/6 levels left

rFire    . . .     SeeInvis .   a - +1 dagger
rCold    . . .     Gourm    .   (no shield)
rNeg     . . .     Faith    .   b - +0 robe
rPois    .         Spirit   .   (no helmet)
rElec    .         Reflect  .   (no cloak)
rCorr    .         Harm     .   (no gloves)
MR       .....                  (no boots)
Stlth    ++........             (no amulet)
HPRegen  0.04/turn              (no ring)
MPRegen  0.10/turn              (no ring)

@: very slightly contaminated
A: no striking features
a: no special abilities


You were on level 1 of the Dungeon.
You were not hungry.

You visited 1 branch of the dungeon, and saw 1 of its levels.

Inventory:

Hand Weapons
 a - a +1 dagger (weapon)
Armour
 b - a +0 robe (worn)
Scrolls
 h - 3 scrolls of identify {!r, unknown}
 i - a scroll of immolation {!r, unknown}
Potions
 e - a potion of haste {!q, unknown}
 f - a potion of curing {!q, unknown}
 g - a potion of heal wounds {!q, unknown}
 j - a potion of lignification {!q, unknown}
Comestibles
 c - a chunk of flesh
 d - a ration


   Skills:
 * Level 1.1 Fighting
 - Level 1.0 Short Blades
 - Level 2.4 Dodging
 - Level 3.6 Stealth
 - Level 3.0 Spellcasting
 - Level 4.0 Hexes


You had 5 spell levels left.
You knew the following spells:

 Your Spells              Type           Power        Failure   Level  Hunger
a - Corona                Hex            ###....      3%          1    None


Dungeon Overview and Level Annotations

Branches:
Dungeon (1/15)

Altars:


Message History

Press: ? - help, Shift-Dir - straight line, f/p - kobold
Aim: a kobold (softly glowing, chance to defeat MR: 73%)
The kobold glows brighter.
The kobold throws a stone.
The stone closely misses you.
Casting: Corona (safe; 3% risk of failure)
Confirm with . or Enter, or press ? or * to list all spells.
Aiming: Corona (safe; 3% risk of failure)
Press: ? - help, Shift-Dir - straight line, f/p - kobold
Aim: a kobold (softly glowing, chance to defeat MR: 73%)
You miscast Corona.
You are very lightly contaminated with residual magic.
You feel off-balance for a moment.
You hit the kobold.
The kobold is severely wounded.
The kobold misses you.
You hit the kobold.
The kobold is almost dead.
The kobold hits you but does no damage.
You hit the kobold.
You kill the kobold!
You start resting.
Magic restored.
You start resting.
Your magical contamination has completely faded away.
You start resting.
Magic restored.
Things that are here:
3 stones; a kobold corpse You see here a kobold corpse.
j - a brown potion {!q} HP restored.
Found a stone staircase leading down.
A hobgoblin comes into view.
The hobgoblin shouts!
A hobgoblin is nearby!
A hobgoblin is nearby!
Casting: Corona (safe; 3% risk of failure)
Confirm with . or Enter, or press ? or * to list all spells.
Aiming: Corona (safe; 3% risk of failure)
Press: ? - help, Shift-Dir - straight line, f - hobgoblin
Aim: a hobgoblin (chance to defeat MR: 73%)
You miscast Corona.
You are very lightly contaminated with residual magic.
Nothing appears to happen.
Casting: Corona (safe; 3% risk of failure)
Confirm with . or Enter, or press ? or * to list all spells.
Aiming: Corona (safe; 3% risk of failure)
Press: ? - help, Shift-Dir - straight line, f/p - hobgoblin
Aim: a hobgoblin (chance to defeat MR: 73%)
The hobgoblin barely resists.
The hobgoblin hits you.
Casting: Corona (safe; 3% risk of failure)
Confirm with . or Enter, or press ? or * to list all spells.
Aiming: Corona (safe; 3% risk of failure)
Press: ? - help, Shift-Dir - straight line, f/p - hobgoblin
Aim: a hobgoblin (chance to defeat MR: 73%)
The hobgoblin is outlined in light.
The hobgoblin closely misses you.
You hit the hobgoblin.
The hobgoblin is heavily wounded.
The hobgoblin hits you.
* * * LOW HITPOINT WARNING * * *
You hit the hobgoblin but do no damage.
The hobgoblin is heavily wounded.
The hobgoblin hits you.
You die...

## # .# #.#.## #.... .....
#####.# #.##.###...... .#
#.##..#.g.# #.# #.###..@### #.#
##########.#...###.+ #.#
...(.........###.#.# #.#
##########..####...# #.#######
###### #..####.##'#####......)##
.....# ##.## #..#...#............
####.###..####.#.#..'....#####.##
####.##..##....###..#....# #.#
...#.##.##.#..).##+#####.#####.#


You could see a hobgoblin.

Vanquished Creatures
  2 bats (D:1)
  4 kobolds (D:1)
  A rat (D:1)
7 creatures vanquished.

Notes
Turn   | Place    | Note
-------+----------+-------------------------------------------
     0 | D:1      | Amnesiac the Deep Elf Enchanter began the quest for the Orb.
     0 | D:1      | Reached XP level 1. HP: 10/10 MP: 6/6
   292 | D:1      | Reached skill level 1 in Fighting
   415 | D:1      | Slain by a hobgoblin

Vault maps used:
D:1:      arrival_zaba_pyramid, st_stairs_6

Skill      XL: |  1 |
---------------+----+-----
Fighting       | 1 |  1.1
Short Blades   | |  1.0
Dodging        | |  2.4
Stealth        | |  3.6
Spellcasting   | |  3.0
Hexes          | |  4.0

Action                   || total
-------------------------++-------
Melee: Dagger            ||    20
 Cast: Corona            ||     6
 Stab: Sleeping          ||     3
Armor: Robe              ||     1
Dodge: Dodged            ||    15

Table legend:
 A = Spawn XP
 B = Non-spawn XP
 C = Spawn XP percentage of total XP
 D = Spawn monster count
 E = Non-spawn monster count
 F = Spawn count percentage of total count
 G = Total turns spent on level
                    A         B        C        D         E        F      G
               +---------+---------+-------+---------+---------+-------+---------
         Total |       0 |       9 |   0.0 |       0 |       7 |   0.0 |   415
               +---------+---------+-------+---------+---------+-------+---------
           D:1 |       0 |       9 |   0.0 |       0 |       7 |   0.0 |   415
               +---------+---------+-------+---------+---------+-------+---------
